 Dungeon Crawl Stone Soup version 0.27.0-1-g7a089689b8 (webtiles) character file.

Game seed: 3907866476113100116

5 Spectrina the Ducker (level 1, -1/13 HPs)
             Began as a Deep Elf Monk on Aug 7, 2021.
             Was a Believer of Vehumet.
             Slain by a dart slug (3 damage)
             ... on level 2 of the Dungeon.
             The game lasted 00:01:24 (178 turns).

Spectrina the Ducker (Deep Elf Monk)                 Turns: 178, Time: 00:01:24

Health: -1/13      AC:  2    Str:  8    XL:     1   Next: 66%
Magic:  0/4        EV: 13    Int: 14    God:    Vehumet [**....]
Gold:   9          SH:  0    Dex: 17    Spells: 0/1 levels left

rFire    . . .     SeeInvis .   a - +0 short sword
rCold    . . .     Faith    .   (no shield)
rNeg     . . .     Spirit   .   b - +0 robe
rPois    .         Reflect  .   (no helmet)
rElec    .         Harm     .   (no cloak)
rCorr    .         Rampage  .   (no gloves)
Will     .....                  (no boots)
Stlth    ++........             (no amulet)
HPRegen  0.04/turn              (no ring)
MPRegen  0.09/turn              (no ring)

@: very slightly contaminated
A: no striking features
a: Renounce Religion


You were on level 2 of the Dungeon.
You worshipped Vehumet.
Vehumet was pleased with you.
You visited 1 branch of the dungeon, and saw 2 of its levels.

You collected 9 gold pieces.

Inventory:

Hand Weapons
 a - a +0 short sword (weapon)
Missiles
 d - 14 bolts
 f - 15 stones (quivered)
Armour
 b - a +0 robe (worn)
Scrolls
 c - a scroll of acquirement {unknown}
 e - a scroll of vulnerability {unknown}
 g - a scroll of identify {unknown}


   Skills:
 - Level 2.4 Fighting
 - Level 3.0 Short Blades
 - Level 3.6 Dodging
 - Level 2.4 Stealth
 - Level 0.6 Spellcasting
 + Level 1.2 Earth Magic


You couldn't memorise any spells.
You knew the following spells:

 Your Spells              Type           Power      Damage    Failure   Level
a - Sandblast             Erth           6%         2d5       17%         1

Your spell library contained the following spells:

 Spells                   Type           Power      Damage    Failure   Level
 Magic Dart               Conj           0%         1d3       26%         1


Dungeon Overview and Level Annotations

Branches:
Dungeon (1/15)

Altars:
Vehumet


Message History

Press: ? - help, Shift-Dir - straight line, f/p - hobgoblin
Aim: a hobgoblin (moderately wounded, 78% to hit)
The blast of sand hits the hobgoblin.
The hobgoblin is almost dead.
f - 16 stones The hobgoblin barely misses you.
You hit the hobgoblin.
You kill the hobgoblin!
Vehumet accepts your kill.
You feel your power returning.
Your Earth Magic skill increases to level 1!
You barely miss the dart slug. The dart slug misses you.
Casting: Sandblast (safe; 17% risk of failure)
Confirm with . or Enter, or press ? or * to list all spells.
Aiming: Sandblast (safe; 17% risk of failure)
Press: ? - help, Shift-Dir - straight line, f - dart slug
Aim: a dart slug (100% to hit)
The blast of sand hits the dart slug.
The dart slug is lightly wounded.
f - 15 stones The dart slug bites you but does no damage.
The dart slug closely misses you.
Casting: Sandblast (safe; 17% risk of failure)
Confirm with . or Enter, or press ? or * to list all spells.
Aiming: Sandblast (safe; 17% risk of failure)
Press: ? - help, Shift-Dir - straight line, f/p - dart slug
Aim: a dart slug (lightly wounded, 100% to hit)
You miscast Sandblast.
You are very lightly contaminated with residual magic.
Nothing appears to happen.
The dart slug barely misses you.
Unknown command.
You hit the dart slug.
The dart slug is moderately wounded.
The dart slug launches a dart at you. The slug dart hits you.
* * * LOW HITPOINT WARNING * * *
You hit the dart slug but do no damage.
The dart slug is moderately wounded.
The dart slug bites you.
You die...

#
##########.#..
#..........<..
#..†.w(.......
#..†@w...##.#.
#........#
#........#
#...........
#..!.....##$
#####.##... .
..# .... .#
##.


You could see 2 dart slugs.

Vanquished Creatures
  2 ball pythons
  2 hobgoblins
  A frilled lizard (D:2)
5 creatures vanquished.

Vanquished Creatures (others)
  A fungus (D:1)
  2 plants (D:1)
3 creatures vanquished.

Grand Total: 8 creatures vanquished

Notes
Turn   | Place    | Note
-------+----------+-------------------------------------------
     0 | D:1      | Spectrina the Deep Elf Monk began the quest for the Orb.
     0 | D:1      | Reached XP level 1. HP: 13/13 MP: 3/3
   103 | D:1      | Found a faded altar of an unknown god.
   115 | D:1      | Became a worshipper of Vehumet
   115 | D:1      | Reached * piety under Vehumet
   115 | D:1      | Offered knowledge of Sandblast by Vehumet.
   115 | D:1      | Reached ** piety under Vehumet
   118 | D:1      | Learned a level 1 spell: Sandblast
   153 | D:1      | Offered knowledge of Magic Dart by Vehumet.
   158 | D:1      | You fall into a shaft and drop 1 floor!
   174 | D:2      | Reached skill level 1 in Earth Magic
   178 | D:2      | Slain by a dart slug

Illustrated notes

Levels and vault maps discovered:
D:1:      sevenhm_arrival_forest_fort_large_2, layout_loops_ring,
          shapermc_ecumenical_altar_gd, hex_tiny
D:2:      layout_loops_cross, chequers_serial_rivers_micro_c, uniq_terence

Skill      XL: |  1 |
---------------+----+-----
Earth Magic    | 1 |  1.2
Fighting       | |  2.4
Short Blades   | |  3.0
Dodging        | |  3.6
Stealth        | |  2.4
Spellcasting   | |  0.6

Action                   || total
-------------------------++-------
Melee: Short sword       ||    24
 Cast: Sandblast         ||     5
Armor: Robe              ||     3
Dodge: Dodged            ||    20
